 Dungeon Crawl Stone Soup version 0.23-a0-137-gef0ad6d46f (webtiles) character file.

5258 Napalmbreeze the Basher (level 10, -14/88 HPs)
             Began as a Deep Dwarf Fighter on Aug 29, 2018.
             Was a Follower of Makhleb.
             Demolished by Grum
             ... wielding a +0 halberd
              (22 damage)
             ... on level 8 of the Dungeon.
             The game lasted 00:17:40 (7034 turns).

Napalmbreeze the Basher (Deep Dwarf Fighter)        Turns: 7034, Time: 00:17:40

Health: -14/88     AC: 12    Str: 20    XL:     10   Next: 36%
Magic:  10/10      EV:  8    Int:  9    God:    Makhleb [*.....]
Gold:   416        SH: 10    Dex: 18    Spells: 9/9 levels left

rFire    + . .     SeeInvis .   t - +4 flail "Ividgh" {crush, rF+ Dex+3 Stlth+}
rCold    . . .     Gourm    .   c - +0 shield
rNeg     . . .     Faith    .   y - +0 chain mail
rPois    .         Spirit   .   (no helmet)
rElec    .         Reflect  .   J - scarf {cloud immunity}
rCorr    .         Harm     .   k - +0 pair of gloves
MR       ++...                  (no boots)
Stlth    ..........             (no amulet)
HPRegen  0.00/turn              v - ring of protection from magic
MPRegen  0.12/turn              b - ring of magical power

@: non-regenerating
A: damage resistance, heal wounds, sense surroundings 2, no regeneration
a: Heal Wounds, Renounce Religion


You were on level 8 of the Dungeon.
You worshipped Makhleb.
Makhleb was aware of your devotion.
You were not hungry.

You visited 2 branches of the dungeon, and saw 9 of its levels.
You also visited: Ossuary.

You collected 416 gold pieces.

Inventory:

Hand Weapons
 t - the +4 flail "Ividgh" (weapon) {crush, rF+ Dex+3 Stlth+}
   (You found it on level 4 of the Dungeon)

   It inflicts extra damage upon your enemies.
   It affects your dexterity (+3).
   It protects you from fire.
   It makes you more stealthy.
Armour
 c - a +0 shield (worn)
 k - a +0 pair of gloves (worn)
 y - a +0 chain mail (worn)
 J - a scarf of cloud immunity (worn)
Jewellery
 b - a ring of magical power (right hand)
 v - a ring of protection from magic (left hand)
Wands
 w - a wand of digging (14)
Scrolls
 g - 5 scrolls of identify
 h - 7 scrolls of teleportation
 i - 2 scrolls of blinking
 m - 3 scrolls of amnesia
 p - 3 scrolls of remove curse
 q - 3 scrolls of enchant weapon
 x - a scroll of vulnerability
 A - a scroll of noise {unknown}
 D - a scroll of immolation {unknown}
 E - a scroll of magic mapping {unknown}
 F - a scroll of enchant armour {unknown}
 G - a scroll of fear {unknown}
 H - a scroll of fog {unknown}
Potions
 a - 2 potions of haste {unknown}
 d - 3 potions of might
 e - a potion of mutation {unknown}
 j - 2 potions of lignification {unknown}
 l - 2 potions of degeneration {unknown}
 n - 2 potions of invisibility {unknown}
 o - 6 potions of heal wounds {unknown}
 r - a potion of agility
 s - 6 potions of curing {unknown}
 u - 2 potions of flight {unknown}
 z - 2 potions of brilliance {unknown}
 B - 2 potions of berserk rage {unknown}
 C - 2 potions of cancellation {unknown}
Comestibles
 f - 27 rations


   Skills:
 - Level 5.0 Fighting
   Level 5.8(9.3) Axes
 * Level 10.2(10.8) Maces & Flails
 + Level 9.5 Armour
 - Level 4.4 Dodging
 - Level 3.2 Shields


You had 9 spell levels left.
You didn't know any spells.
Your spell library contained the following spells:

 Spells                   Type           Power        Failure   Level  Hunger
 Bolt of Magma            Conj/Fire/Erth #.........   100%        5    ######.
 Irradiate                Conj/Tmut      #.........   100%        5    ######.
 Iskenderun's Battlesphe  Conj/Chrm      #.......     100%        5    ######.
 Venom Bolt               Conj/Pois      #.........   100%        5    ######.
 Hydra Form               Tmut           #.........   100%        6    #######
 Iron Shot                Conj/Erth      #.........   100%        6    #######
 Statue Form              Tmut/Erth      #........    100%        6    #######
 Dragon Form              Tmut           #.........   100%        7    #######
 Orb of Destruction       Conj           #.........   100%        7    #######
 Spellforged Servitor     Conj/Summ      #.........   100%        7    #######


Dungeon Overview and Level Annotations

Branches:
Dungeon (8/15)             Temple (1/1) D:7            Lair (0/6) D:8

Altars:
Elyvilon
Fedhas
Hepliaklqana
Makhleb
Ru
Trog
Xom
Yredelemnul

Shops:
D:6 %

Annotations:
D:8 Grum


Innate Abilities, Weirdness & Mutations

You are resistant to damage.
You can heal yourself by infusing magical energy.
You passively map the area around you.
You do not regenerate.


Message History

You block the wolf's attack.
The wolf pauses to sniff the ground.
The wolf barely misses you.
There is an open door here.
You miss the wolf. The wolf bites you.
* * * LOW HITPOINT WARNING * * *
The wolf closely misses you.
You sock the wolf!
The wolf is severely wounded.
Grum barely misses you.
You sock the wolf!
You kill the wolf!
Makhleb accepts your kill. The wolf bites you. You block the wolf's attack.
Grum hits you from afar with a halberd!
* * * LOW HITPOINT WARNING * * *
Unknown command.
You closely miss the wolf. The wolf bites you but does no damage.
Grum hits you from afar with a halberd!!
You die...

########
*##########......#######
,
,.........#......#.....#
........gh@....(#.....#
,,
.....<.†.#......#.....#
.........#......#.....# ,
, ..>......#......#.....#
, .........#......#####'#
, .........#......#.....#
**....##...#......#.....#
* *
....*#...#......#.....#
,, ... #...#......#....^#


You could see Grum and a wolf.

Vanquished Creatures
  Pikel (D:4)
  2 hippogriffs
  A spriggan (D:8)
  Menkaure (D:4)
  A black bear (D:7)
  4 orc warriors
  An ice beast (D:7)
  4 sky beasts
  A necrophage (D:6)
  4 ogres
  A phantom (D:8)
  2 wolves (D:8)
  3 centaurs
  A crocodile (D:7)
  A bullfrog (D:6)
  A water moccasin zombie (Ossuary)
  A scorpion (D:5)
  4 killer bees (D:8)
  3 howler monkeys (D:8)
  4 centaur zombies
  4 bullfrog zombies
  3 crimson imps
  2 centaur skeletons
  5 hounds
  2 jellies (D:5)
  5 orc priests
  A gnoll shaman (D:7)
  4 orc wizards
  Jessica (D:2)
  5 worker ants
  A killer bee zombie (Ossuary)
  3 hound zombies (Ossuary)
  A hound skeleton (D:4)
  15 mummies (Ossuary)
  4 worker ant zombies (Ossuary)
  5 gnolls (D:7)
  A howler monkey skeleton (D:6)
  5 adders
  3 shadow imps
  5 oozes
  5 adder zombies
  2 adder skeletons (D:6)
  4 worms
  3 dart slugs
  6 leopard geckos
  31 orcs
  4 ball pythons
  2 bats (D:1)
  5 giant cockroaches
  10 goblins
  10 hobgoblins
  An iguana (D:5)
  23 jackals
  5 quokkas
  A ball python zombie (D:5)
  9 frilled lizards
  A giant cockroach zombie (Ossuary)
  A jackal zombie (Ossuary)
  12 kobolds
  A leopard gecko skeleton (D:6)
  A leopard gecko zombie (Ossuary)
  5 rats
258 creatures vanquished.

Vanquished Creatures (others)
  2 orcs (D:5)
  2 goblins (D:5)
  A jackal (D:5)
  A kobold (D:5)
  A withered plant (Ossuary)
7 creatures vanquished.

Grand Total: 265 creatures vanquished

Notes
Turn   | Place    | Note
-------+----------+-------------------------------------------
     0 | D:1      | Napalmbreeze the Deep Dwarf Fighter began the quest for the
                  | Orb.
     0 | D:1      | Reached XP level 1. HP: 20/20 MP: 1/1
   283 | D:1      | Reached XP level 2. HP: 21/27 MP: 2/2
   413 | D:1      | Reached skill level 1 in Dodging
   475 | D:1      | Reached XP level 3. HP: 17/33 MP: 3/3
   819 | D:2      | Noticed a sky beast
   853 | D:1      | Killed a sky beast
   853 | D:1      | Reached XP level 4. HP: 10/42 MP: 4/4
   868 | D:2      | Noticed Jessica
   878 | D:2      | Killed Jessica
   878 | D:2      | Reached XP level 5. HP: 35/49 MP: 5/5
  1489 | D:3      | Reached XP level 6. HP: 31/57 MP: 6/6
  1533 | D:3      | Found a faded altar of an unknown god.
  2305 | D:4      | Noticed Menkaure
  2313 | D:4      | Killed Menkaure
  2313 | D:4      | Reached skill level 5 in Axes
  2462 | D:4      | Reached XP level 7. HP: 23/64 MP: 5/5
  2594 | D:4      | Reached skill level 5 in Armour
  2802 | D:4      | Got a sapphire flail
  3031 | D:4      | Identified the +4 flail "Ividgh" {crush, rF+ Dex+3 Stlth+}
                  | (You found it on level 4 of the Dungeon)
  3152 | D:5      | Entered Level 5 of the Dungeon
  3152 | D:5      | Noticed Pikel
  3188 | D:4      | Killed Pikel
  3188 | D:4      | Reached skill level 3 in Maces & Flails
  3188 | D:4      | Reached XP level 8. HP: 11/73 MP: 5/5
  3350 | D:5      | Reached skill level 5 in Fighting
  3381 | D:5      | Reached skill level 4 in Maces & Flails
  3488 | D:5      | Found a shimmering altar of Xom.
  3495 | D:5      | Reached skill level 5 in Maces & Flails
  4378 | D:6      | Found Ragonk's Food Shop.
  4396 | D:6      | Reached skill level 6 in Maces & Flails
  4396 | D:6      | Gained mutation: You passively map the area around you.
                  | [Deep Dwarf growth]
  4396 | D:6      | Reached XP level 9. HP: 45/81 MP: 4/4
  4968 | D:7      | Reached skill level 7 in Maces & Flails
  4974 | D:7      | Found a sand-covered staircase.
  4979 | Ossuary  | Entered an ossuary
  5192 | Ossuary  | Reached skill level 8 in Maces & Flails
  5577 | D:7      | Found a staircase to the Ecumenical Temple.
  5631 | Temple   | Entered the Ecumenical Temple
  5667 | Temple   | Became a worshipper of Makhleb the Destroyer
  5755 | D:7      | Reached skill level 9 in Maces & Flails
  6190 | D:7      | Reached XP level 10. HP: 27/88 MP: 1/1
  6241 | D:7      | Found a hazy altar of Hepliaklqana.
  6465 | D:8      | Found a staircase to the Lair.
  6719 | D:8      | Reached * piety under Makhleb
  6839 | D:8      | Reached skill level 10 in Maces & Flails
  7022 | D:8      | Noticed Grum
  7034 | D:8      | Demolished by Grum

Vault maps used:
D:1:      lemuel_arrival_rhombus
D:2:      first_ration, uniq_jessica
D:3:      chequers_ecumenical_altar_simple_redux
D:4:      uniq_menkaure
D:5:      corexii_shantytown, dk_xom_monty_hall, uniq_pikel
D:6:      serial_shops, shop, wad_rectangle_vault
D:7:      lemuel_coloured_pillars_altar, minmay_temple_entry_mist,
          enter_ossuary_5
D:8:      lair_entry_dummy, the_bakery, st_stairs_5, uniq_grum
Temple:   minmay_crystal_snake_temple
Ossuary:  ossuary_zaba_flooded

Skill      XL: |  1  2  3  4  5  6  7  8  9 10 |
---------------+-------------------------------+-----
Dodging        | 1 2 3 4 |  4.4
Axes           | 3 4 5 |  5.8
Fighting       | 3 4 5 |  5.0
Armour         | 4 5 7 8 9 |  9.5
Maces & Flails | 3 6 9 10 | 10.2
Shields        | |  3.2

Action                   |  1- 3 |  4- 6 |  7- 9 | 10-12 || total
-------------------------+-------+-------+-------+-------++-------
Melee: War axe           |    95 |   187 |    37 |       ||   319
       Flail             |       |       |   506 |   143 ||   649
 Abil: Heal Wounds       |     2 |     4 |    16 |     3 ||    25
  Use: Scroll            |       |       |     6 |       ||     6
 Stab: Sleeping          |       |       |     1 |       ||     1
  Eat: Chunk             |       |     5 |     7 |     3 ||    15
       Ration            |       |       |     2 |       ||     2
Armor: Scale mail        |    49 |    57 |    75 |       ||   181
       Chain mail        |       |       |   151 |    66 ||   217
Dodge: Dodged            |    42 |    60 |   194 |    54 ||   350
Block: Shield            |    51 |    86 |   251 |    86 ||   474

Table legend:
 A = Non-vault XP
 B = Vault XP
 C = Vault XP percentage of total XP
 D = Non-vault monster count
 E = Vault monster count
 F = Vault count percentage of total count
                 A         B        C        D         E       F
            +---------+---------+-------+---------+---------+-------
      Total |    4724 |    2788 |  37.1 |     181 |      77 |  29.8
            +---------+---------+-------+---------+---------+-------
        D:1 |     195 |       0 |   0.0 |      34 |       0 |   0.0
        D:2 |      46 |      37 |  44.6 |      14 |       1 |   6.7
        D:3 |     196 |       0 |   0.0 |      33 |       0 |   0.0
        D:4 |     292 |     835 |  74.1 |      10 |       2 |  16.7
        D:5 |     687 |     141 |  17.0 |      23 |      28 |  54.9
        D:6 |     603 |     164 |  21.4 |      20 |       5 |  20.0
        D:7 |    1567 |       0 |   0.0 |      24 |       0 |   0.0
        D:8 |    1138 |     716 |  38.6 |      23 |       4 |  14.8
    Ossuary |       0 |     895 | 100.0 |       0 |      37 | 100.0
            +---------+---------+-------+---------+---------+-------
